 Dungeon Crawl Stone Soup version 0.19.0-24-gb05acd6 (webtiles) character file.

16067 Larett the Blocker (level 12, 0/77 HPs)
             Began as a Gargoyle Fighter on Nov 22, 2016.
             Was a High Priest of Okawaru.
             Slain by an orc warlord
             ... wielding a +3 war axe of flaming
              (3 damage)
             ... on level 11 of the Dungeon.
             The game lasted 00:55:01 (14564 turns).

Larett the Blocker (Gargoyle Fighter)              Turns: 14564, Time: 00:55:02

Health: 0/77       AC: 34    Str: 19    XL:     12   Next: 33%
Magic:  17/17      EV:  7    Int: 11    God:    Okawaru [*****.]
Gold:   346        SH: 12    Dex: 13    Spells: 0 memorised, 11 levels left

rFire  . . .     SeeInvis .     Y - +6 hand axe of Excruciating Pain {chop, *Drain +Fly rElec rPois}
rCold  . . .     Gourm    .     S - +3 plate armour
rNeg   + . .     Faith    .     h - +0 shield
rPois  ∞         Spirit   .     U - +0 helmet
rElec  +         Reflect  .     i - +0 cloak
rCorr  +         Harm     .     q - +1 pair of gloves
MR     .....                    p - +2 pair of boots
Stlth  ..........               (no amulet)
                                r - +4 ring of slaying
                                j - ring of resist corrosion

@: heavily drained
A: blink, negative energy resistance 1, electricity resistance, unbreathing,
petrification resistance, rot immunity, AC +8
a: Blink, Heroism, Finesse, Renounce Religion, Evoke Flight


You were on level 11 of the Dungeon.
You worshipped Okawaru.
Okawaru was extremely pleased with you.
You were not hungry.

You visited 3 branches of the dungeon, and saw 13 of its levels.

You collected 852 gold pieces.
You spent 506 gold pieces at shops.

Inventory:

Hand Weapons
 a - a +0 morningstar of draining
 b - a +0 hand crossbow
 c - a +1 trident of holy wrath
 d - a +2 dagger of venom
 I - a +0 blowgun
 Y - the +6 hand axe of Excruciating Pain (weapon) {chop, *Drain +Fly rElec rPois}
   (You bought it in a shop on level 1 of the Orcish Mines)

   It inflicts extra damage upon your enemies.
   It insulates you from electricity.
   It protects you from poison.
   It lets you fly.
   It causes draining when unequipped.
Missiles
 v - 3 curare-tipped needles
 D - 48 bolts
 N - 6 needles of paralysis
 Z - 52 poisoned needles
Armour
 h - a +0 shield (worn)
 i - a +0 cloak (worn)
 p - a +2 pair of boots (worn)
 q - a +1 pair of gloves (worn)
 K - a +2 ring mail of magic resistance
 S - a +3 plate armour (worn)
 U - a +0 helmet (worn)
Magical Staves
 y - an uncursed staff of fire
Jewellery
 j - a ring of resist corrosion (left hand)
 r - a +4 ring of slaying (right hand)
 T - an uncursed ring of fire
Wands
 w - a wand of flame (0/48)
 z - a wand of random effects (28/48)
 C - a wand of confusion (37/48)
 E - a wand of confusion (24/48)
 L - a wand of paralysis (11/24)
 P - a wand of flame (33/48)
 Q - a wand of slowing (5/48)
Scrolls
 e - a scroll of remove curse
 B - 2 scrolls of recharging
 F - 2 scrolls of immolation
 H - a scroll of blinking
 O - 2 scrolls of enchant weapon
 R - 2 scrolls of magic mapping
Potions
 k - 2 potions of brilliance
 l - 2 potions of invisibility
 m - 2 potions of flight
 n - 4 potions of magic
 o - a potion of cure mutation {!q}
 s - a potion of haste
 t - a potion of agility
 x - 2 potions of curing
 G - 3 potions of heal wounds
 M - a potion of cancellation
Books
 W - a book of Callings

   Spells                             Type                      Level
   a - Summon Small Mammal            Summoning                    1
   b - Call Imp                       Summoning                    2
   c - Call Canine Familiar           Summoning                    3
   d - Summon Guardian Golem          Hexes/Summoning              3
   e - Summon Lightning Spire         Summoning/Air                4
   f - Summon Ice Beast               Ice/Summoning                4
Comestibles
 f - 5 bread rations
 g - 3 meat rations
 u - 18 fruits
 A - a slice of pizza
 V - 7 royal jellies
 X - a beef jerky


   Skills:
 - Level 9.7(8.1) Fighting
 + Level 1.5(0.7) Axes
 - Level 2.0(1.0) Maces & Flails
 - Level 10.1(8.5) Armour
 - Level 5.0(3.6) Dodging
 - Level 13.9(12.2) Shields
 - Level 6.9(5.4) Invocations


You had 11 spell levels left.
You didn't know any spells.

Dungeon Overview and Level Annotations

Branches:
Dungeon (11/15)            Temple (1/1) D:7             Orc (1/2) D:11
   Lair: D:8-11

Altars:
Ashenzari
Cheibriados
Dithmenos
Elyvilon
Fedhas
Gozag
Hepliaklqana
Kikubaaqudgha
Makhleb
Nemelex Xobeh
Okawaru
Qazlal
Ru
Sif Muna
Trog
Uskayaw
Vehumet
Xom
Yredelemnul
Zin
The Shining One
Lugonu

Shops:
D:5 *   Orc:1 (:((


Innate Abilities, Weirdness & Mutations

You are resistant to torment.
Your stone body is resilient. (AC +8)
You are immune to poison.
You resist negative energy. (rN+)
You are resistant to electric shocks. (rElec)
You can survive without breathing.
You are immune to petrification.
You are immune to rotting.
You can translocate small distances at will.


Message History

The orc knight hits you with a dire flail!
* * * LOW HITPOINT WARNING * * *
You hit the orc warlord.
The orc warlord is moderately wounded.
You hit the orc knight.
The orc knight hits you but does no damage.
You block the orc warlord's attack.
You hit the orc warlord.
The orc warlord is moderately wounded.
You hit the orc knight. The orc knight barely misses you.
You block the orc warlord's attack.
You hit the orc warlord.
The orc warlord is moderately wounded.
You hit the orc knight but do no damage.
The orc knight hits you with a dire flail!!
* * * LOW HITPOINT WARNING * * *
The orc warlord hits you with a war axe of flaming!
* * * LOW HITPOINT WARNING * * *
The orc warlord burns you.
You die...

#.# ##....#
#.......#. #.#
#.##########.......
#..............###.
#.......######.# #.
##(####.# #.# #.
#.# .. #.....
#(##.# #####.
#ooo.# #. #9#..# #.
###..# #. ..# #.
..# #. ..# ..# ...


You could see an orc warlord, an orc knight and an orc.

Vanquished Creatures
  An ugly thing (D:10)
  A hill giant (D:9)
  2 cyclopes (D:11)
  2 manticores (D:11)
  An orc sorcerer (D:11)
  2 centaur zombies (D:10)
  A black mamba (D:11)
  A gargoyle (D:9)
  A troll (D:9)
  2 hornets (D:10)
  A queen bee (D:9)
  A two-headed ogre (D:8)
  8 hippogriffs
  A shadow (D:11)
  A wyvern (D:8)
  13 yaks
  3 wargs
  A water moccasin (D:7)
  10 orc warriors
  4 phantoms
  6 ice beasts
  3 sky beasts
  9 ogres
  A black bear (D:8)
  An eye of draining (D:10)
  2 centaurs
  3 big kobolds
  4 bullfrogs
  A gnoll sergeant (D:11)
  A wyvern zombie (D:9)
  A wyvern skeleton (D:11)
  A water moccasin skeleton (D:4)
  5 scorpions
  18 killer bees
  A howler monkey (D:8)
  3 wights (D:8)
  A bullfrog zombie (D:7)
  6 crimson imps
  A quasit (D:7)
  A bullfrog skeleton (D:11)
  2 jellies
  8 hounds
  2 centaur skeletons
  8 orc priests
  4 iguanas
  Jessica (D:3)
  7 worker ants
  16 orc wizards
  A howler monkey zombie (D:6)
  3 worker ant zombies
  3 gnolls (D:6)
  13 adders
  2 shadow imps
  2 oozes
  2 adder zombies
  3 adder skeletons
  A worm (D:4)
  3 dart slugs
  4 leopard geckos
  53 orcs
  3 bats (D:3)
  3 giant cockroaches
  10 goblins
  7 hobgoblins
  20 jackals
  17 kobolds
  4 quokkas
  2 ball pythons
  4 frilled lizards
  A jackal skeleton (D:8)
  A quokka zombie (D:8)
  8 rats
  A demonic plant (Temple)
345 creatures vanquished.

Notes
Turn   | Place    | Note
-------+----------+-------------------------------------------
     0 | D:1      | Larett the Gargoyle Fighter began the quest for the Orb.
     0 | D:1      | Reached XP level 1. HP: 14/14 MP: 1/1
   230 | D:1      | Reached skill level 4 in Fighting
   230 | D:1      | Reached XP level 2. HP: 20/20 MP: 2/2
   544 | D:1      | Reached XP level 3. HP: 24/24 MP: 3/3
   934 | D:2      | Reached skill level 5 in Fighting
  1112 | D:2      | Reached XP level 4. HP: 31/31 MP: 4/4
  1305 | D:3      | Noticed Jessica
  1310 | D:3      | Killed Jessica
  1446 | D:3      | Reached skill level 6 in Fighting
  1540 | D:3      | Found a faded altar of an unknown god.
  1540 | D:3      | Found a shattered altar of Ashenzari.
  1550 | D:3      | Found a faded altar of an unknown god.
  1554 | D:3      | Found a faded altar of an unknown god.
  1556 | D:3      | Found a faded altar of an unknown god.
  1606 | D:3      | Reached XP level 5. HP: 36/36 MP: 5/5
  1833 | D:3      | Found a white marble altar of Elyvilon.
  1836 | D:3      | Found a glowing silver altar of Zin.
  1837 | D:3      | Found a snail-covered altar of Cheibriados.
  1838 | D:3      | Found a deep blue altar of Sif Muna.
  2042 | D:3      | Found a burning altar of Makhleb.
  2042 | D:3      | Found a radiant altar of Vehumet.
  2637 | D:4      | Reached skill level 7 in Fighting
  2637 | D:4      | Reached XP level 6. HP: 44/44 MP: 6/6
  2927 | D:4      | Found a sparkling altar of Nemelex Xobeh.
  2927 | D:4      | Found an opulent altar of Gozag.
  3118 | D:4      | Reached skill level 8 in Fighting
  3342 | D:4      | Found a hazy altar of Hepliaklqana.
  3345 | D:4      | Found a shimmering altar of Xom.
  3346 | D:4      | Noticed a spectral ugly thing
  3367 | D:4      | Reached XP level 7. HP: 50/50 MP: 7/7
  3412 | D:4      | Reached skill level 9 in Fighting
  3553 | D:5      | Entered Level 5 of the Dungeon
  4101 | D:5      | Reached skill level 4 in Shields
  4147 | D:5      | Found Ebrokkirr's Assorted Antiques.
  4210 | D:5      | Reached XP level 8. HP: 55/57 MP: 8/8
  4272 | D:5      | Found a shadowy altar of Dithmenos.
  4337 | D:5      | Reached skill level 5 in Shields
  4411 | D:5      | Found a bloodstained altar of Trog.
  4411 | D:5      | Found a sacrificial altar of Ru.
  4698 | D:6      | Reached skill level 6 in Shields
  4810 | D:6      | Reached skill level 7 in Shields
  5646 | D:5      | HP: 9/57 [orc warrior/long sword (5)]
  5659 | D:5      | HP: 5/57 [orc warrior/long sword (12)]
  5661 | D:5      | Reached skill level 8 in Shields
  5982 | D:6      | Reached XP level 9. HP: 62/62 MP: 9/9
  5987 | D:6      | Gained mutation: Scrolls take you a little longer to read. [mutagenic meat]
  5988 | D:6      | Gained mutation: Your magical capacity is low. (-10% MP) [mutagenic meat]
  5989 | D:6      | Gained mutation: You expend magic power (3 MP) to strengthen your wands. [mutagenic meat]
  5990 | D:6      | Gained mutation: You can translocate small distances at will. [mutagenic meat]
  5991 | D:6      | Gained mutation: You are weak. (Str -2) [mutagenic meat]
  5992 | D:6      | Gained mutation: You are partially covered in large bone plates. (SH +4) [mutagenic meat]
  6251 | D:7      | Found a staircase to the Ecumenical Temple.
  6306 | D:7      | Reached skill level 9 in Shields
  6484 | D:7      | Reached skill level 10 in Shields
  6768 | D:7      | Found a shadowy altar of Dithmenos.
  6835 | Temple   | Entered the Ecumenical Temple
  6884 | Temple   | Became a worshipper of Warmaster Okawaru
  7530 | D:8      | Reached skill level 11 in Shields
  7725 | D:8      | Reached * piety under Okawaru
  7799 | D:8      | Reached skill level 12 in Shields
  7842 | D:8      | Reached XP level 10. HP: 53/67 MP: 9/9
  8059 | D:8      | Reached ** piety under Okawaru
  8765 | D:9      | Reached skill level 13 in Shields
  9138 | D:9      | Found an ancient bone altar of Kikubaaqudgha.
  9344 | D:9      | Reached *** piety under Okawaru
  9344 | D:9      | Reached skill level 4 in Armour
  9358 | D:9      | Reached skill level 5 in Armour
  9451 | D:9      | Reached skill level 6 in Armour
  9501 | D:9      | Reached XP level 11. HP: 67/72 MP: 9/9
  9511 | D:9      | Reached skill level 7 in Armour
 10004 | D:10     | Entered Level 10 of the Dungeon
 10022 | D:10     | Noticed a purple ugly thing
 10037 | D:10     | Killed a purple ugly thing
 10037 | D:10     | Reached **** piety under Okawaru
 10037 | D:10     | Reached skill level 8 in Armour
 10041 | D:10     | Gained mutation: You possess an exceptional clarity of mind. [mutagenic meat]
 10630 | D:10     | Reached skill level 9 in Armour
 11641 | D:11     | Reached skill level 10 in Armour
 11858 | D:11     | Reached skill level 1 in Dodging
 11887 | D:10     | Noticed a hill giant
 12042 | D:9      | Reached skill level 2 in Dodging
 12098 | D:9      | Killed a hill giant
 12098 | D:9      | Received a gift from Okawaru
 12324 | D:10     | Reached skill level 3 in Dodging
 12501 | D:11     | Noticed a cyclops
 12521 | D:11     | Killed a cyclops
 12521 | D:11     | Reached skill level 4 in Dodging
 12532 | D:11     | Reached ***** piety under Okawaru
 12655 | D:11     | Noticed a manticore
 12674 | D:11     | Killed a manticore
 12674 | D:11     | Reached skill level 5 in Dodging
 12779 | D:11     | Reached skill level 1 in Invocations
 12784 | D:11     | Reached skill level 2 in Invocations
 12797 | D:11     | Reached XP level 12. HP: 58/77 MP: 12/12
 12810 | D:11     | Reached skill level 3 in Invocations
 12840 | D:11     | Reached skill level 4 in Invocations
 13053 | D:11     | Reached skill level 5 in Invocations
 13101 | D:11     | Found a staircase to the Orcish Mines.
 13164 | Orc:1    | Entered Level 1 of the Orcish Mines
 13164 | Orc:1    | Found Lughakod's Book Emporium.
 13257 | D:11     | Reached skill level 6 in Invocations
 13277 | Orc:1    | Found Arphaegit's Antique Weapon Shoppe.
 13283 | Orc:1    | Found Ciupo's Antique Weapon Shoppe.
 13310 | Orc:1    | Found Qiry Yta's Antique Weapon Shoppe.
 13318 | Orc:1    | Bought a pitted hand axe for 176 gold pieces
 13318 | Orc:1    | Lost mutation: You expend magic power (3 MP) to strengthen your wands. [potion of cure mutation]
 13318 | Orc:1    | Lost mutation: Scrolls take you a little longer to read. [potion of cure mutation]
 13318 | Orc:1    | Lost mutation: You possess an exceptional clarity of mind. [potion of cure mutation]
 13318 | Orc:1    | Lost mutation: You are weak. (Str -2) [potion of cure mutation]
 13319 | Orc:1    | Lost mutation: Your magical capacity is low. (-10% MP) [potion of cure mutation]
 13319 | Orc:1    | Lost mutation: You are partially covered in large bone plates. (SH +4) [potion of cure mutation]
 13322 | Orc:1    | Identified the +6 hand axe of Excruciating Pain {chop, *Drain +Fly rElec rPois} (You bought it in a shop on level 1 of the Orcish Mines)
 13621 | Orc:1    | Bought a runed morningstar for 330 gold pieces
 14358 | Orc:1    | Received a gift from Okawaru
 14365 | Orc:1    | Noticed an orc high priest
 14369 | Orc:1    | Noticed an orc warlord
 14406 | D:11     | Reached skill level 1 in Axes
 14564 | D:11     | HP: 13/77 [orc knight/dire flail (31)]
 14564 | D:11     | HP: 3/77 [orc warlord/war axe of flaming (10)]
 14564 | D:11     | Slain by an orc warlord

Skill      XL: |  1  2  3  4  5  6  7  8  9 10 11 12 |
---------------+-------------------------------------+-----
Fighting       | 4 5 6 7 8 9 |  9.7
Shields        | 4 8 12 13 | 13.9
Armour         | 6 10 | 10.1
Dodging        | 5 |  5.0
Invocations    | 2 6 |  6.9
Axes           | 1 |  1.5
Maces & Flails | |  2.0

Action                   |  1- 3 |  4- 6 |  7- 9 | 10-12 || total
-------------------------+-------+-------+-------+-------++-------
Melee: Flail             |   102 |    66 |       |       ||   168
       Morningstar       |       |    77 |    32 |     6 ||   115
       Short sword       |       |       |   435 |   369 ||   804
       Dagger            |       |       |    87 |   446 ||   533
       Mace              |       |       |       |   107 ||   107
       Trident           |       |       |       |    34 ||    34
       Hand axe          |       |       |       |    69 ||    69
 Fire: Hunting sling     |       |    34 |    70 |    17 ||   121
       Hand crossbow     |       |       |       |    32 ||    32
Invok: Heroism           |       |       |     1 |     2 ||     3
 Abil: Blink             |       |       |       |     1 ||     1
Evoke: Wand              |       |       |       |     3 ||     3
  Use: Scroll            |     1 |     7 |    10 |     9 ||    27
       Potion            |       |     1 |     6 |     4 ||    11
  Eat: Chunk             |     1 |     7 |    21 |    24 ||    53
       Fruit             |       |       |       |     1 ||     1
       Beef jerky        |       |       |       |     1 ||     1
Armor: Scale mail        |    40 |    90 |     5 |       ||   135
       Chain mail        |       |       |    73 |       ||    73
       Plate armour      |       |       |   180 |   559 ||   739
       Ring mail         |       |       |       |    12 ||    12
Dodge: Dodged            |    37 |    39 |    76 |   188 ||   340
Block: Shield            |    49 |    92 |   347 |   941 ||  1429
